 Dungeon Crawl Stone Soup version 0.29.0-4-gdea44cf6ec (webtiles) character file.

Game seed: 8354977102634232551

48 qw the Chopper (level 3, -1/21 HPs)
             Began as a Tengu Warper on Aug 28, 2022.
             Slain by a jelly (2 damage)
             ... on level 3 of the Dungeon.
             The game lasted 00:00:09 (1828 turns).

qw the Chopper (Tengu Warper)                       Turns: 1828, Time: 00:00:09

Health: -1/21      AC:  8    Str: 13    XL:     3   Next: 72%
Magic:  7/7        EV: 11    Int: 13    God:
Gold:   96         SH:  0    Dex: 13    Spells: 6/6 levels left

rFire   . . .      SeeInvis .   Y - +0 hand axe (protect)
rCold   . . .      Faith    .   (no shield)
rNeg    . . .      Spirit   .   e - +0 ring mail
rPois   .          Reflect  .   (helmet restricted)
rElec   .          Harm     .   (no cloak)
rCorr   .          Rampage  .   (no gloves)
Will    .....                   (boots unavailable)
Stlth   +.........              (no amulet)
HPRegen 0.07/turn               (no ring)
MPRegen 0.10/turn               (no ring)

@: corroded, under a protective aura
A: beak, talons 3
a: no special abilities


You were on level 3 of the Dungeon.
You visited 1 branch of the dungeon, and saw 3 of its levels.

You collected 96 gold pieces.


Innate Abilities, Weirdness & Mutations

You have a beak for a mouth.
You have claws for feet.


   Skills:
 - Level 2.0 Fighting
 + Level 4.3 Axes
 - Level 1.0 Throwing
 - Level 1.1 Armour
 - Level 2.1 Dodging
 - Level 2.0 Spellcasting
 - Level 2.4 Translocations


You had 6 spell levels left.
You didn't know any spells.
Your spell library contained the following spells:

 Spells                   Type           Power      Damage    Failure   Level
 Blink                    Tloc           14%        N/A       30%         2
 Gell's Gravitas          Tloc           7%         N/A       52%         3
 Lesser Beckoning         Tloc           7%         N/A       52%         3
 Teleport Other           Tloc           7%         N/A       52%         3
 Manifold Assault         Tloc           7%         N/A       99%         5

Inventory:

Hand Weapons
 h - a +0 whip
 Y - a +0 hand axe of protection (weapon)
Armour
 e - a +0 ring mail (worn)
Scrolls
 b - 2 scrolls of enchant armour
Potions
 c - a potion of curing {unknown}
 g - a potion of degeneration {unknown}
 i - a potion of attraction {unknown}

Dungeon Overview and Level Annotations

Branches:
Dungeon (3/15)

Altars:


Message History

You kill the kobold!
Found a stone staircase leading down.
Things that are here:
a +0 short sword; 3 stones An orc comes into view.
It is wielding a +0 hand axe.
The orc shouts!
The jelly quivers.
You hit the orc but do no damage.
Your weapon exudes an aura of protection.
A frilled lizard comes into view.
The orc hits you but does no damage.
You barely miss the orc. You claw the orc, but do no damage.
Your peck misses the orc. The orc hits you with a +0 hand axe.
You hit the orc but do no damage. You claw the orc.
The orc is moderately wounded.
The orc hits you with a +0 hand axe.
You hit the orc. Your peck misses the orc.
The orc is heavily wounded.
You hit the jelly.
Your hands burn!
The jelly hits you but does no damage. The orc hits you but does no damage.
You hit the orc.
The orc is almost dead.
You hit the jelly.
Your hands burn!
The orc closely misses you. The jelly barely misses you.
You hit the orc but do no damage. Your peck misses the orc.
The orc is almost dead.
You hit the jelly.
Your hands burn!
The jelly hits you but does no damage. The orc closely misses you.
You hit the orc but do no damage. Your kick misses the orc.
You peck the orc, but do no damage.
The orc is almost dead.
You hit the jelly but do no damage.
Your hands burn!
The orc hits you with a +0 hand axe. The jelly hits you but does no damage.
You hit the orc.
You kill the orc!
You hit the jelly. The acid corrodes you!
Your hands burn!
You closely miss the frilled lizard. The jelly hits you.
You die...

....................#
....................#
....................#
....................#
....................#
....................####
......>Jl...............
.......@................
######.#####)..####.....
#. #...# #..... #. #...#
#...). #. #...# #....(
.. ##### ####.. ## #.#
#.# #.#


You could see a jelly and a frilled lizard.

Vanquished Creatures
  An adder (D:2)
  2 worms (D:2)
  An orc (D:3)
  A bat (D:1)
  2 endoplasms
  3 goblins
  2 hobgoblins
  2 jackals (D:1)
  6 kobolds
  2 quokkas (D:1)
  6 ball pythons
  3 frilled lizards
  A rat (D:1)
32 creatures vanquished.

Notes
Turn   | Place    | Note
-------+----------+-------------------------------------------
     0 | D:1      | qw the Tengu Warper began the quest for the Orb.
     0 | D:1      | Reached XP level 1. HP: 12/12 MP: 4/4
     0 | D:1      | 0 ||| qw: Version: 0.1-a-89-g26bdef1
     0 | D:1      | 0 ||| qw: Game counter: 2342
     0 | D:1      | 0 ||| qw: Always use a shield: true
     0 | D:1      | 0 ||| qw: God list: Okawaru
     0 | D:1      | 0 ||| qw: Allow faded altars: false
     0 | D:1      | 0 ||| qw: Do Orc after D:15 true
     0 | D:1      | 0 ||| qw: Do second Lair branch before Depths: true
     0 | D:1      | 0 ||| qw: Lair rune preference: random
     0 | D:1      | 0 ||| qw: Plans: Normal
     0 | D:1      | 0 ||| PLANNING D:1-11
    14 | D:1      | 14 ||| Stepping ~*~*~tactically~*~*~ (stealth).
    17 | D:1      | 17 ||| Stepping ~*~*~tactically~*~*~ (stealth).
    18 | D:1      | 18 ||| Stepping ~*~*~tactically~*~*~ (stealth).
   148 | D:1      | 148 ||| Stepping ~*~*~tactically~*~*~ (stealth).
   154 | D:1      | 154 ||| Stepping ~*~*~tactically~*~*~ (stealth).
   172 | D:1      | Reached skill level 3 in Axes
   172 | D:1      | Reached XP level 2. HP: 17/17 MP: 6/6
   246 | D:1      | 246 ||| Stepping ~*~*~tactically~*~*~ (stealth).
   716 | D:1      | 716 ||| UPGRADING to +0 ring mail.
   726 | D:1      | 726 ||| DROPPING +0 leather armour.
   727 | D:1      | 727 ||| READING scroll labelled AFEGRENGANWO.
   730 | D:1      | 730 ||| READING scroll labelled MUTAOCR UQETI.
   731 | D:1      | 731 ||| DROPPING scroll of blinking.
   823 | D:2      | Reached XP level 3. HP: 12/21 MP: 7/7
  1100 | D:2      | Reached skill level 4 in Axes
  1746 | D:2      | 1746 ||| READING scroll labelled PIEGHE GOSE.
  1747 | D:2      | 1747 ||| READING scroll labelled DILIUJ TUSIOXORPH.
  1748 | D:2      | 1748 ||| READING scroll labelled SYRUGOCOMA.
  1803 | D:3      | 1803 ||| Stepping ~*~*~tactically~*~*~ (stealth).
  1805 | D:3      | 1805 ||| Stepping ~*~*~tactically~*~*~ (stealth).
  1827 | D:3      | HP: 4/21 [acid (3)]
  1828 | D:3      | HP: 1/21 [acid (2)]
  1828 | D:3      | Slain by a jelly

Levels and vault maps discovered:
D:1:      dpeg_arrival_short_road, layout_rooms
D:2:      layout_basic, small_statue_intersection,
          minmay_misc_feat_secret_circle
D:3:      layout_basic, gammafunk_ghost_icy

Skill      XL: |  1  2  3 |
---------------+----------+-----
Axes           | 3 4 |  4.3
Fighting       | |  2.0
Throwing       | |  1.0
Armour         | |  1.1
Dodging        | |  2.1
Spellcasting   | |  2.0
Translocations | |  2.4

Action                   || total
-------------------------++-------
Melee: Hand axe          ||    77
       Kick              ||    26
       Peck              ||    11
Throw: Boomerang         ||     7
  Use: Scroll            ||     5
Armor: Leather armour    ||    13
       Ring mail         ||    10
Dodge: Dodged            ||    35

Table legend:
 A = Non-vault XP
 B = Vault XP
 C = Vault XP percentage of total XP
 D = Non-vault monster count
 E = Vault monster count
 F = Vault count percentage of total count
                 A         B        C        D         E       F
            +---------+---------+-------+---------+---------+-------
      Total |      72 |       0 |   0.0 |      32 |       0 |   0.0
            +---------+---------+-------+---------+---------+-------
        D:1 |      26 |       0 |   0.0 |      16 |       0 |   0.0
        D:2 |      39 |       0 |   0.0 |      13 |       0 |   0.0
        D:3 |       7 |       0 |   0.0 |       3 |       0 |   0.0
            +---------+---------+-------+---------+---------+-------
